 Seeded DCSS version 0.28-a0-983-g1de4e0787c (webtiles) character file.

Game seed: 12130800008223909736 (custom seed)

1 croobank the Ducker (level 1, -2/14 HPs)
             Began as an Octopode Wanderer on Dec 2, 2021.
             Frozen to death by an endoplasm (5 damage)
             ... on level 1 of the Dungeon.
             The game lasted 00:00:22 (27 turns).

croobank the Ducker (Octopode Wanderer)               Turns: 27, Time: 00:00:23

Health: -2/14      AC:  1    Str: 12    XL:     1   Next: 20%
Magic:  1/1        EV: 13    Int: 14    God:
Gold:   0          SH:  0    Dex: 10    Spells: 0/0 levels left

rFire   . . .      SeeInvis .   a - +0 club
rCold   . . .      Faith    .   (no shield)
rNeg    . . .      Spirit   .   (helmet restricted)
rPois   .          Reflect  .   (no amulet)
rElec   .          Harm     .   (no ring)
rCorr   .          Rampage  .   (no ring)
Will    .....                   (no ring)
Stlth   ++........              (no ring)
HPRegen 0.04/turn               (no ring)
MPRegen 0.07/turn               (no ring)
                                (no ring)
                                (no ring)

@: no status effects
A: almost no armour, amphibious, 8 rings, camouflage 1, gelatinous body 1,
(nimble swimmer 1), tentacles
a: no special abilities


You were on level 1 of the Dungeon.
You visited 1 branch of the dungeon, and saw 1 of its levels.

Inventory:

Hand Weapons
 a - a +0 club (weapon)
Missiles
 c - 8 poisoned darts (quivered)
Potions
 b - 2 potions of curing


   Skills:
 + Level 2.1 Fighting
 + Level 1.0 Throwing
 + Level 3.0 Dodging
 + Level 1.3 Stealth
 + Level 1.0 Shields
 + Level 2.0 Unarmed Combat


You couldn't memorise any spells.
You didn't know any spells.
Your spell library was empty.

Dungeon Overview and Level Annotations

Branches:
Dungeon (1/15)

Altars:


Innate Abilities, Weirdness & Mutations

You cannot wear most types of armour.
You are amphibious.
You can wear up to eight rings at the same time.
Your skin changes colour to match your surroundings (Stealth+).
Your rubbery body absorbs attacks. (AC +1, EV +1)
((You are camouflaged near water. (Stealth+)))
You have tentacles for arms and can constrict up to eight enemies at once.


Message History

Welcome, croobank the Octopode Wanderer.
Game seed: 12130800008223909736 (custom seed) Press ? for a list of commands and other information.
Found 8 poisoned darts.
Found a staircase leading out of the dungeon.
You begin with the following items: a +0 club, 2 potions of curing.
You see here 8 poisoned darts.
c - 8 poisoned darts You open the door.
There is an open door here.
A quokka comes into view.
Found a triangular jade amulet.
The quokka barely misses you.
You closely miss the quokka. Your grab misses the quokka. The quokka bites you.
The quokka closely misses you.
You hit the quokka. Your grab misses the quokka.
The quokka is heavily wounded.
The quokka barely misses you.
You barely miss the quokka. Your grab misses the quokka.
The quokka is heavily wounded.
The quokka bites you. The quokka completely misses you.
You barely miss the quokka. You grab the quokka.
The quokka is heavily wounded.
You constrict the quokka, but do no damage.
The quokka completely misses you.
You hit the quokka. You squeeze the quokka.
You kill the quokka!
You see here a quokka corpse.
Found 2 atropa-tipped darts.
An endoplasm comes into view.
The endoplasm freezes you.
You are frozen.
* * * LOW HITPOINT WARNING * * *
The endoplasm freezes you.
You are frozen.
You die...

## .# .### .'.# #
.#.###############.##...
.#..........†...@......#
###############J##..(...
...# .#... .....# # .
.......+ .......#
.......# .......#


You could see an endoplasm.

Vanquished Creatures
  A quokka (D:1)
1 creature vanquished.

Notes
Turn   | Place    | Note
-------+----------+-------------------------------------------
     0 | D:1      | croobank the Octopode Wanderer began the quest for the Orb.
     0 | D:1      | croobank set off with the following items: a +0 club, 2
                  | potions of curing
     0 | D:1      | Reached XP level 1. HP: 14/14 MP: 1/1
    27 | D:1      | Frozen to death by an endoplasm

Illustrated notes

Levels and vault maps discovered:
D:1:      minmay_arrival_checkered_box, layout_basic, minmay_pentomino_q2

Action                   || total
-------------------------++-------
Melee: Club              ||     5
       Constrict         ||     1
       Tentacles         ||     1
Dodge: Dodged            ||     5

Table legend: (Time is in decaauts)
 A = Elapsed time spent in this place.
 B = Non-inter-level travel time spent in this place.
 C = Inter-level travel time spent in this place.
 D = Time resting spent in this place.
 E = Time spent auto-exploring this place.
 F = Levels seen in this place.
 G = Mean time per level.
                   A        B        C        D        E       F      G
               +--------+--------+--------+--------+--------+-----+--------+
         Total |     28 |     28 |      0 |      0 |     11 |   1 |   28.0 |
       Dungeon |     28 |     28 |      0 |      0 |     11 |   1 |   28.0 |
               +--------+--------+--------+--------+--------+-----+--------+

Top non-repeatable levels by time:
     D:1: 28 daAuts
